 Dungeon Crawl Stone Soup version 0.30-a0-365-ge7f957f1db (webtiles) character file.

Game seed: 369097065960871936

11863 MrRokkomies the Carver (level 12, -5/106 HPs)
             Began as a Meteoran Cinder Acolyte on Nov 17, 2022.
             Was a Priest of Ignis.
             Killed from afar by a wretched star (17 damage)
             ... with a lance of force
             ... on level 2 of the Abyss.
             The game lasted 00:23:08 (5909 turns).

MrRokkomies the Carver (Meteoran Cinder Acolyte)    Turns: 5909, Time: 00:23:09

Health: -5/106     AC: 15    Str: 17    XL:     12   Next: 41%
Magic:  0/15       EV: 16    Int: 16    God:    Ignis [***...]
Gold:   489        SH:  0    Dex: 14    Spells: 8/13 levels left

rFire   + . .      SeeInvis .    b - +3 greatsling "Punk" {acid, rCorr}
rCold   . . .      Faith    .    (no shield)
rNeg    . . .      Spirit   +    x - +0 steam dragon scales
rPois   +          Reflect  .    c - +0 helmet
rElec   .          Harm     .    D - +0 cloak
rCorr   +          Rampage  .    (no gloves)
Will    +....      Clarity  +    p - +1 pair of boots
Stlth   +.........               t - amulet of guardian spirit
HPRegen 0.37/turn                l - ring of poison resistance
MPRegen 0.14/turn                o - +4 ring of protection

@: glowing
A: sense surroundings 2, otherworldly, glowing, explore regen, iridescent scales
1, clarity, sturdy frame 1
a: Renounce Religion, Fiery Armour, Foxfire Swarm, Rising Flame


You were on level 2 of the Abyss.
You worshipped Ignis.
Ignis was most pleased with you.
You visited 2 branches of the dungeon, and saw 12 of its levels.
You visited the Abyss 1 time.

You collected 489 gold pieces.

Inventory:

Hand Weapons
 a - a +2 demon trident of pain
 b - the +3 greatsling "Punk" (weapon) {acid, rCorr}
   (You found it on level 9 of the Dungeon)

   Any ammunition fired from it is coated in acid, damaging and corroding those
   it strikes.
   rCorr:     It protects you from acid and corrosion.
 d - a +2 dagger of draining
 n - a +0 falchion of flaming
 v - a +0 long sword
 w - a +0 whip of distortion
 N - a +0 sling of electrocution
Missiles
 H - 2 curare-tipped darts
Armour
 c - a +0 helmet (worn)
 e - a +0 ring mail
 f - a +0 robe
 p - a +1 pair of boots (worn)
 x - +0 steam dragon scales (worn)
 D - a +0 cloak (worn)
 F - an orb of light
Jewellery
 l - a ring of poison resistance (left hand)
 o - a +4 ring of protection (right hand)
 t - an amulet of guardian spirit (around neck)
 u - a ring of protection from fire
 G - a ring of wizardry
 I - a ring of protection from fire
 O - a ring of positive energy
Wands
 j - a wand of paralysis (18)
 m - a wand of iceblast (8)
 s - a wand of mindburst (6)
 B - a wand of digging (6)
 E - a wand of polymorph (9)
 J - a wand of flame (8)
Scrolls
 y - 2 scrolls of teleportation
 A - a scroll of brand weapon
 C - a scroll of fog
 K - a scroll of amnesia
 L - 3 scrolls of magic mapping
Potions
 g - 2 potions of might
 h - 3 potions of curing
 i - a potion of attraction
 q - 2 potions of cancellation
 r - a potion of brilliance
 z - 2 potions of flight
 M - a potion of invisibility


   Skills:
 - Level 10.1 Fighting
 + Level 13.0 Long Blades
 * Level 8.1 Ranged Weapons
 + Level 9.6 Dodging
 - Level 1.3 Spellcasting
 - Level 8.2 Fire Magic


You had 8 spell levels left.
You knew the following spells:

 Your Spells              Type           Power      Damage    Failure   Level
a - Scorch                Fire           54%        2d8       1%          2
b - Ignite Poison         Fire/Tmut/Pois 9%         N/A       22%         3

Your spell library contained the following spells:

 Spells                   Type           Power      Damage    Failure   Level
 Frozen Ramparts          Ice            2%         1d1       54%         3
 Spider Form              Tmut/Pois      1%         N/A       54%         3
 Animate Dead             Necr           1%         N/A       91%         4
 Ice Form                 Ice/Tmut       1%         N/A       91%         4
 Summon Ice Beast         Ice/Summ       1%         N/A       91%         4
 Blade Hands              Tmut           0%         N/A       99%         5
 Borgnjor's Vile Clutch   Necr/Erth      0%         N/A       99%         5
 Irradiate                Conj/Tmut      0%         3d11      99%         5
 Death Channel            Necr           0%         N/A       100%        6


Dungeon Overview and Level Annotations

Branches:
Dungeon (11/15) Zot: 1076  Temple (1/1) D:5 Zot: 590     Orc (0/2) D:10
   Lair: D:8-11

Altars:
Ashenzari
Dithmenos
Fedhas
Gozag
Makhleb
Nemelex Xobeh
Qazlal
Uskayaw
Vehumet
Xom
Zin

Shops:
D:8 =

Annotations:
D:3 nujazz's ghost, amateur MiFi
D:11 Erolcha


Innate Abilities, Weirdness & Mutations

You passively map the area around you.
You are easily found by Zot.
You glow in the dark.
You regain HP and MP as you explore.
You are partially covered in iridescent scales. (AC +2)
You possess an exceptional clarity of mind.
Your movements are slightly less encumbered by armour. (ER -2)


Message History

* * * LOW HITPOINT WARNING * * *
You are knocked back by the lance of force.
You slam into the stone wall!
The komodo dragon bites you.
* * * LOW HITPOINT WARNING * * *
You feel much better. The komodo dragon bites you.
The wretched star glows turbulently.
The lance of force hits you!
* * * LOW HITPOINT WARNING * * *
You are knocked back by the lance of force.
You slam into the stone wall!
* * * LOW HITPOINT WARNING * * *
Fire: b) +3 greatsling "Punk" {acid, rCorr}
Press: ? - help, Q - select action, (/) - cycle Shift-Dir - straight line, f - wretched star, p - komodo dragon
Aim: a wretched star (69% to hit)
You shoot a sling bullet.
The sling bullet closely misses the wretched star.
The wretched star glows turbulently.
The lance of force misses you. The komodo dragon closely misses you.
Unknown command.
Fire: b) +3 greatsling "Punk" {acid, rCorr}
Press: ? - help, Q - select action, (/) - cycle Shift-Dir - straight line, f/p - wretched star
Aim: a wretched star (69% to hit)
You shoot a sling bullet.
The sling bullet hits the wretched star but does no damage.
The wretched star is splashed with acid!
The wretched star is lightly damaged.
The wretched star glows turbulently.
The lance of force misses you. The komodo dragon bites you.
* * * LOW HITPOINT WARNING * * *
Fire: b) +3 greatsling "Punk" {acid, rCorr}
Press: ? - help, Q - select action, (/) - cycle Shift-Dir - straight line, f/p - wretched star
Aim: a wretched star (lightly damaged, 69% to hit)
You shoot a sling bullet.
The sling bullet hits the wretched star but does no damage.
The wretched star is splashed with acid.
The acid corrodes the wretched star!
The wretched star is lightly damaged.
The wretched star glows turbulently.
The lance of force hits you!
You die...

.. .. ##
..###..#
## #...#..
#.##.#..#
#...... ##
..# #.#l#
# .##@#.#
#.....#...
#..#...#.#
#.# #.*#.
. #.
#...##..
...# .
#... .#
.##.# # #
.


You could see a wretched star (corroded) and a komodo dragon (corroded).

Vanquished Creatures
  2 tentacled starspawn (Abyss:2)
  A green draconian (Abyss:2)
  2 two-headed ogres
  Urug (D:11)
  A large abomination (Abyss:2)
  A manticore (D:11)
  Maurice (D:8)
  A gargoyle (D:9)
  Maggie (D:8)
  An unseen horror (D:11)
  Psyche (D:11)
  A troll (D:11)
  A harpy skeleton (Abyss:2)
  A vampire (D:11)
  2 wraiths
  4 shadows
  A wyvern (D:10)
  2 chaos spawn (Abyss:2)
  A steam dragon (D:6)
  A vampire mosquito (D:11)
  An acid dragon (D:10)
  A water moccasin (D:5)
  2 orc warriors
  An ice beast (D:7)
  A sky beast (D:7)
  2 black bears
  5 centaurs
  2 kobold brigands (D:9)
  2 bullfrogs
  A scorpion (D:5)
  9 killer bees
  2 howler monkeys
  A crimson imp (D:8)
  A small abomination (Abyss:2)
  A quasit (Abyss:2)
  A hound (D:5)
  5 orc priests
  2 gnoll boudas
  Ijyb (D:3)
  Natasha (D:3)
  8 iguanas
  9 orc wizards
  12 gnolls
  4 adders
  2 shadow imps
  2 white imps
  An ufetubus (D:5)
  2 worms
  3 dart slugs
  29 orcs
  4 endoplasms
  A giant cockroach (D:3)
  8 goblins
  2 hobgoblins
  A quokka (D:3)
  5 ball pythons
  5 bats
  3 frilled lizards
  17 kobolds
  3 rats
  2 starspawn tentacles (Abyss:2)
192 creatures vanquished.

Vanquished Creatures (others)
  An orc (D:3)
  5 plants
  4 starspawn tentacles (Abyss:2)
10 creatures vanquished.

Grand Total: 202 creatures vanquished

Notes
Turn   | Place    | Note
-------+----------+-------------------------------------------
     0 | D:1      | MrRokkomies the Meteoran Cinder Acolyte began the quest for
                  | the Orb.
     0 | D:1      | Reached XP level 1. HP: 19/19 MP: 3/3
   127 | D:1      | Got the Tome of Moulding
   498 | D:1      | Glimpsed the power of Zot.
   524 | D:2      | Reached XP level 2. HP: 26/26 MP: 5/5
   573 | D:2      | Found a faded altar of an unknown god.
   652 | D:2      | Reached skill level 4 in Long Blades
   658 | D:2      | Reached XP level 3. HP: 33/33 MP: 6/6
   703 | D:2      | Reached skill level 1 in Dodging
   710 | D:2      | Reached XP level 4. HP: 14/40 MP: 7/7
   713 | D:2      | Gained mutation: You are partially covered in iridescent
                  | scales. (AC +2) [potion of mutation]
   713 | D:2      | Gained mutation: You have hidden genetic potential. [potion
                  | of mutation]
   810 | D:3      | Noticed nujazz's ghost (amateur MiFi)
   974 | D:3      | Noticed Ijyb
   978 | D:3      | Reached XP level 5. HP: 34/45 MP: 8/8
   989 | D:3      | Killed Ijyb
   998 | D:3      | Gained mutation: You possess an exceptional clarity of
                  | mind. [hidden potential]
  1019 | D:3      | Found a sparkling altar of Nemelex Xobeh.
  1108 | D:3      | Noticed Natasha
  1108 | D:3      | Found a stormy altar of Qazlal.
  1117 | D:3      | Killed Natasha
  1118 | D:3      | Reached skill level 5 in Long Blades
  1118 | D:3      | Reached XP level 6. HP: 53/53 MP: 9/9
  1133 | D:3      | Learned a level 2 spell: Scorch
  1137 | D:3      | Learned a level 3 spell: Ignite Poison
  1334 | D:4      | Gained mutation: Your movements are slightly less
                  | encumbered by armour. (ER -2) [hidden potential]
  1334 | D:4      | Lost mutation: You have hidden genetic potential. [hidden
                  | potential expressed]
  1414 | D:4      | Reached skill level 5 in Fighting
  1429 | D:4      | Found a glowing silver altar of Zin.
  1448 | D:4      | Noticed a black bear
  1466 | D:4      | Killed a black bear
  1467 | D:4      | Reached XP level 7. HP: 40/61 MP: 10/10
  1645 | D:5      | Entered Level 5 of the Dungeon
  1732 | D:5      | Reached skill level 6 in Long Blades
  1732 | D:5      | Reached skill level 5 in Fire Magic
  1769 | D:5      | Found a staircase to the Ecumenical Temple.
  1780 | Temple   | Entered the Ecumenical Temple
  1796 | D:5      | Noticed a water moccasin
  1807 | D:5      | Killed a water moccasin
  1852 | D:5      | Reached XP level 8. HP: 70/70 MP: 11/11
  2340 | D:6      | Reached skill level 7 in Long Blades
  2361 | D:6      | Found a shimmering altar of Xom.
  2361 | D:6      | Found a hide-covered altar of Uskayaw.
  2383 | D:6      | Found a radiant altar of Vehumet.
  2386 | D:6      | Noticed a steam dragon
  2411 | D:6      | Killed a steam dragon
  2556 | D:6      | Noticed a shadow
  2576 | D:6      | Killed a shadow
  2577 | D:6      | Gained mutation: You passively map the area around you.
                  | [Meteoran growth]
  2577 | D:6      | Reached XP level 9. HP: 72/79 MP: 12/12
  2744 | D:7      | Reached skill level 8 in Long Blades
  2840 | D:7      | Reached skill level 5 in Dodging
  2921 | D:7      | Found a shadowy altar of Dithmenos.
  3420 | D:8      | Noticed Maggie
  3431 | D:8      | Killed Maggie
  3432 | D:8      | Reached skill level 9 in Long Blades
  3607 | D:8      | Noticed Maurice
  3657 | D:8      | Killed Maurice
  3658 | D:8      | Reached XP level 10. HP: 90/90 MP: 13/13
  3731 | D:8      | Found Pimyxion's Jewellery Boutique.
  3940 | D:8      | You fall into a shaft and drop 2 floors!
  3940 | D:10     | Entered Level 10 of the Dungeon
  4044 | D:10     | Found a broken altar of Ashenzari.
  4097 | D:10     | Reached skill level 10 in Long Blades
  4275 | D:10     | Found a staircase to the Orcish Mines.
  4295 | D:9      | Noticed a gargoyle
  4300 | D:9      | Killed a gargoyle
  4476 | D:9      | Noticed a two-headed ogre
  4486 | D:9      | Killed a two-headed ogre
  4487 | D:9      | Reached skill level 10 in Fighting
  4487 | D:9      | Reached skill level 11 in Long Blades
  4514 | D:9      | Reached XP level 11. HP: 88/99 MP: 11/14
  4737 | D:9      | Found the +3 greatsling "Punk" {acid, rCorr}
  5062 | D:9      | Reached skill level 1 in Ranged Weapons
  5299 | D:8      | Found a burning altar of Makhleb.
  5578 | D:11     | Noticed Urug
  5610 | D:11     | Killed Urug
  5626 | D:11     | Reached skill level 12 in Long Blades
  5628 | D:11     | Noticed Psyche
  5632 | D:11     | Killed Psyche
  5644 | D:11     | Noticed a two-headed ogre
  5644 | D:11     | Noticed a manticore
  5652 | D:11     | Killed a two-headed ogre
  5653 | D:11     | Reached skill level 5 in Ranged Weapons
  5656 | D:11     | Killed a manticore
  5698 | D:11     | Noticed Erolcha
  5699 | Abyss:2  | Cast into level 2 of the Abyss (Erolcha)
  5767 | Abyss:2  | Noticed a large abomination
  5774 | Abyss:2  | Killed a large abomination
  5825 | Abyss:2  | Noticed a tentacled starspawn
  5840 | Abyss:2  | Killed a tentacled starspawn
  5841 | Abyss:2  | Reached XP level 12. HP: 106/106 MP: 15/15
  5849 | Abyss:2  | Noticed a green draconian
  5860 | Abyss:2  | Killed a green draconian
  5890 | Abyss:2  | Noticed a tentacled starspawn
  5901 | Abyss:2  | Noticed a wretched star
  5903 | Abyss:2  | Killed a tentacled starspawn
  5904 | Abyss:2  | Reached skill level 13 in Long Blades
  5909 | Abyss:2  | Killed from afar by a wretched star

Illustrated notes

Levels and vault maps discovered:
D:1:      scummos_arrival_checkerplants, layout_basic, chequers_avenue
D:2:      layout_basic, shapermc_ecumenical_altar_mp_ritualfount,
          minmay_misc_feat_doors, minmay_joined_circles
D:3:      layout_rooms, nicolae_qazlal_general_emergency, lemuel_round_altar,
          hellmonk_ghost_happy_afterlife, kennysheep_boxes, uniq_ijyb,
          uniq_natasha
D:4:      layout_gridville, mainiacjoe_overflow_small_starburst,
          portal_sewer_entry_e, uniq_robin
D:5:      layout_cave_pools, minmay_temple_entry_waves
D:6:      layout_loops_ring, nicolae_vehumet_altar_sigil,
          gammafunk_temple_overflow_statue
D:7:      layout_loops_ring, lemuel_coloured_pillars_altar, minmay_nine_imps
D:8:      layout_basic, makhleb_grotto_becter, serial_shops, shop,
          nicolae_benzene_ring, hangedman_decor_growths, uniq_maurice,
          uniq_maggie
D:9:      layout_basic
D:10:     layout_loops_ring, nicolae_overflow_crystal_walls, orc_0_dummy
D:11:     layout_roguey, david_lair_shrubbed, st_stairs_11, minivault_13,
          uniq_psyche, uniq_urug, uniq_harold, uniq_erolcha
Temple:   nicolae_temple_god_jail
Abyss:2:  base: D:10, gammafunk_corrupted_shrine, spicy_abyss_helpful_harpoons

Skill      XL: |  1  2  3  4  5  6  7  8  9 10 11 12 |
---------------+-------------------------------------+-----
Long Blades    | 4 5 6 7 9 11 12 13 | 13.0
Dodging        | 1 2 3 4 5 7 9 |  9.6
Fire Magic     | 4 5 6 7 8 |  8.2
Fighting       | 4 5 7 8 10 | 10.1
Ranged Weapons | 6 8 |  8.1
Spellcasting   | |  1.3

Action                   |  1- 3 |  4- 6 |  7- 9 | 10-12 || total
-------------------------+-------+-------+-------+-------++-------
Melee: Falchion          |    64 |    36 |    31 |   108 ||   239
       Dagger            |       |    68 |   355 |   251 ||   674
       Punch             |       |     3 |     5 |     2 ||    10
 Fire: Sling             |       |     8 |       |       ||     8
       Greatsling        |       |       |       |   106 ||   106
Throw: Throwing net      |       |       |       |     1 ||     1
Invok: Fiery Armour      |     1 |     1 |     2 |     3 ||     7
Evoke: Wand              |       |       |     6 |     8 ||    14
  Use: Scroll            |     1 |     4 |    10 |     5 ||    20
       Potion            |       |     3 |       |     3 ||     6
 Stab: Paralysed         |       |       |     8 |     3 ||    11
Armor: Robe              |     5 |       |       |       ||     5
       Ring mail         |    24 |    54 |    82 |       ||   160
       Steam dragon scal |       |       |    88 |   203 ||   291
Dodge: Dodged            |    25 |    51 |   166 |   200 ||   442

Table legend: (Time is in decaauts)
 A = Elapsed time spent in this place.
 B = Non-inter-level travel time spent in this place.
 C = Inter-level travel time spent in this place.
 D = Time resting spent in this place.
 E = Time spent auto-exploring this place.
 F = Levels seen in this place.
 G = Mean time per level.
                   A        B        C        D        E       F      G
               +--------+--------+--------+--------+--------+-----+--------+
         Total |   5746 |   5438 |    308 |      0 |   2689 |  13 |  442.0 |
       Dungeon |   5522 |   5214 |    308 |      0 |   2583 |  11 |  502.0 |
        Temple |      9 |      9 |      0 |      0 |      0 |   1 |    9.0 |
         Abyss |    213 |    213 |      0 |      0 |    106 |   1 |  213.0 |
               +--------+--------+--------+--------+--------+-----+--------+

Top non-repeatable levels by time:
     D:9: 823 daAuts
     D:7: 722 daAuts
     D:8: 708 daAuts
     D:6: 568 daAuts
     D:1: 517 daAuts
     D:3: 437 daAuts
    D:10: 407 daAuts
     D:4: 405 daAuts
     D:5: 403 daAuts
     D:2: 303 daAuts
    D:11: 227 daAuts
 Abyss:2: 213 daAuts
  Temple: 9 daAuts
